Map: Blackpink LE

Players

axu - Winner!

  • Race: Protoss Protoss
  • League: Platinum
  • Spawn Location: 7:00

BlackArrow

  • Race: Zerg Zerg
  • League: Platinum
  • Spawn Location: 1:00

VOD

Have the link to the VOD?

Description

Time

  • Played on: March 28, 2018, 12:28 p.m.
  • Length: 17:08
Show
View Real Time Build Order
Export as new Build Order

axu Protoss - Winner!

Build Orders: 1 Gate Expand 

Get SALT Encoding   

  12  0:00  Probe  
  14  0:14  Probe  
  14  0:23  Pylon  
  14  0:26  Probe  
  15  0:41  Probe  
  16  0:43  Gateway  
  16  0:52  Assimilator  
  16  0:53  Probe (Chrono Boost)  
  18  1:04  Probe (Chrono Boost)  
  18  1:09  Probe (Chrono Boost)  
  19  1:23  Probe  
  20  1:35  Nexus  
  20  1:39  Cybernetics Core  
  20  1:50  Probe  
  21  1:54  Assimilator  
  21  1:55  Pylon  
  21  2:08  Zealot (Chrono Boost)  
  23  2:17  Gateway  
  23  2:20  Pylon  
  22  2:25  Warp Gate  
  22  2:32  Adept (Chrono Boost)  
  24  2:39  Gateway  
  24  2:45  Probe (Chrono Boost)  
  25  2:57  Probe (Chrono Boost)  
  26  3:01  Probe (Chrono Boost)  
  27  3:11  Probe  
  29  3:12  Probe  
  29  3:23  Probe  
  29  3:25  Adept x2, Probe  
  35  3:27  Adept  
  37  3:36  Probe (Chrono Boost)  
  37  3:37  Probe (Chrono Boost)  
  37  3:38  Shield Battery  
  41  3:48  Probe (Chrono Boost)  
  41  3:49  Probe (Chrono Boost)  
  41  3:51  Stargate  
  41  3:54  Stalker (Chrono Boost)  
  43  4:02  Adept (Chrono Boost)  
  47  4:07  Adept (Chrono Boost), Probe x2  
  49  4:19  Probe x2  
  51  4:31  Probe x2  
  53  4:43  Probe  
  53  4:44  Pylon  
  54  4:48  Pylon  
  54  5:02  Oracle, Probe  
  54  5:03  Probe  
  59  5:07  Assimilator  
  59  5:09  Assimilator  
  59  5:14  Probe  
  59  5:15  Probe  
  59  5:17  Robotics Facility  
  55  6:09  Adept x3  
  55  6:11  Immortal  
  61  6:15  Nexus  
  61  6:18  Pylon  
  61  6:21  Pylon  
  61  6:23  Pylon  
  61  6:25  Gateway  
  61  6:27  Gateway  
  61  6:28  Gateway  
  61  6:31  Gateway  
  61  6:40  Stalker x3  
  67  6:50  Immortal  
  71  7:03  Probe x2  
  73  7:15  Probe x2  
  74  7:27  Probe x2  
  74  7:28  Probe  
  77  7:38  Robotics Facility  
  77  7:39  Probe  
  77  7:40  Probe x2  
  77  7:43  Twilight Council  
  80  7:47  Pylon  
  80  7:51  Probe  
  81  7:59  Forge  
  81  8:02  Forge  
  81  8:14  Stalker x4  
  81  8:15  Zealot x2  
  81  8:16  Zealot  
  81  8:18  Probe x2  
  97  8:21  Charge (Chrono Boost)  
  97  8:25  Shield Battery  
  97  8:27  Shield Battery  
  97  8:28  Templar Archives  
  97  8:29  Shield Battery  
  97  8:32  Gateway  
  97  8:33  Gateway, Protoss Ground Weapons Level 1 (Chrono Boost)  
  97  8:34  Immortal, Protoss Ground Armor Level 1 (Chrono Boost)  
  101  8:43  Assimilator  
  101  8:45  Assimilator  
  101  8:48  Photon Cannon  
  101  8:49  Photon Cannon  
  101  8:50  Photon Cannon  
  101  8:51  Probe x3  
  104  8:57  Zealot x6  
  116  9:03  Probe  
  117  9:14  Psionic Storm  
  117  9:15  Pylon  
  117  9:17  Pylon x2  
  117  9:19  Pylon  
  117  9:21  Pylon  
  117  9:23  Pylon x2  
  117  9:33  Probe x3  
  120  9:43  Observer (Chrono Boost)  
  121  9:45  Probe x2  
  121  9:46  High Templar x5  
  121  9:47  High Templar x2  
  137  10:01  Observer (Chrono Boost)  
  138  10:14  Nexus  
  138  10:16  Immortal, Pylon  
  138  10:17  Pylon  
  138  10:21  Pylon  
  142  10:27  Robotics Facility  
  142  10:30  Stalker x3  
  142  10:31  Stalker x4  
  156  10:36  Protoss Ground Armor Level 2 (Chrono Boost)  
  156  10:40  Protoss Ground Weapons Level 2 (Chrono Boost)  
  156  10:41  Fleet Beacon  
  156  11:02  Immortal  
  160  11:06  Assimilator  
  160  11:11  Assimilator, Photon Cannon  
  144  11:38  Warp Prism  
  142  11:45  Immortal  
  146  12:14  Immortal  
  134  12:24  Warp Prism  
  122  12:35  Zealot x2  
  122  12:36  Zealot x5  
  128  12:59  Zealot x2  
  128  13:00  Zealot x5  
  142  13:17  Archon x2  
  132  13:21  High Templar x4  
  132  13:22  High Templar x3  
  146  14:01  Immortal x2  
  154  14:05  High Templar x3  
  154  14:06  High Templar x4  
  168  14:37  Archon x3  
  168  14:44  Archon  
  168  14:46  Zealot  
  168  14:47  Zealot x5  
  168  14:48  Zealot  
  182  15:23  Photon Cannon  
  182  15:24  Photon Cannon  
  182  15:27  Photon Cannon  
  182  15:39  Photon Cannon  
  182  15:41  Photon Cannon  
  182  15:43  Photon Cannon  
  182  15:44  Photon Cannon  
  182  15:45  Photon Cannon  
  182  15:46  Photon Cannon  
  182  15:50  Photon Cannon  
  182  15:52  Photon Cannon  
  182  15:55  Photon Cannon x2  
  158  15:58  Photon Cannon  
  128  16:17  Observer x2  
  130  16:19  High Templar x3  
  130  16:20  High Templar x4  
  130  16:23  Archon  
  130  16:24  Archon x2  
  144  16:33  Gateway  
  144  16:34  Gateway  
  126  16:42  Gateway x2  
  126  16:43  Gateway  
Show
View Real Time Build Order
Export as new Build Order

BlackArrow Zerg 

Build Orders: Pool First, Lurkers 

Get SALT Encoding   

  12  0:02  Drone  
  13  0:08  Drone  
  14  0:23  Overlord  
  14  0:35  Spawning Pool  
  13  0:37  Drone  
  13  0:42  Drone  
  15  0:45  Drone  
  16  0:54  Drone  
  17  1:13  Drone  
  17  1:14  Hatchery  
  17  1:17  Extractor  
  16  1:19  Drone  
  16  1:23  Zergling x2  
  18  1:32  Zergling x2  
  19  1:36  Queen  
  21  1:48  Drone  
  22  2:19  Overlord x3  
  22  2:25  Queen  
  22  2:29  Drone  
  25  2:34  Queen  
  25  2:37  Overlord x2  
  27  2:42  Drone  
  28  2:46  Drone x2  
  30  3:03  Drone x2  
  30  3:04  Drone x2  
  34  3:21  Hatchery  
  34  3:22  Drone  
  34  3:24  Drone  
  35  3:31  Queen  
  37  3:38  Spore Crawler  
  37  3:40  Spore Crawler  
  35  3:48  Lair  
  35  3:54  Overlord  
  35  3:56  Drone x2  
  37  4:06  Drone x4  
  41  4:16  Drone x4  
  45  4:17  Drone  
  45  4:21  Extractor  
  45  4:28  Drone x3  
  45  4:29  Drone  
  49  4:43  Drone x5  
  54  4:46  Drone x2, Extractor  
  54  4:47  Extractor  
  53  5:02  Zergling x2  
  53  5:03  Zergling x14  
  53  5:05  Metabolic Boost  
  61  5:15  Zergling x6  
  61  5:21  Hydralisk Den  
  63  5:22  Spire  
  54  5:52  Drone x4  
  54  5:53  Drone x4  
  55  6:24  Drone x7  
  62  7:02  Spore Crawler  
  62  7:04  Hydralisk x6  
  62  7:07  Overlord x3  
  62  7:08  Overlord x4  
  73  7:12  Spore Crawler  
  69  7:22  Baneling Nest, Hydralisk x3  
  73  7:34  Hydralisk x3  
  73  7:35  Hydralisk x6  
  91  7:39  Lurker Den  
  90  7:44  Zergling x2  
  90  7:45  Zergling x8  
  95  8:10  Drone x5  
  95  8:11  Drone x2  
  102  8:14  Extractor  
  102  8:15  Extractor  
  102  8:17  Spore Crawler  
  99  8:20  Grooved Spines  
  99  8:24  Evolution Chamber  
  99  8:25  Evolution Chamber  
  97  8:27  Overseer  
  97  8:29  Overseer  
  97  8:34  Overseer  
  97  8:36  Drone  
  97  8:37  Drone x5  
  103  8:44  Drone x7  
  110  8:50  Zerg Missile Weapons Level 1  
  110  8:51  Zerg Ground Armor Level 1  
  110  8:57  Infestation Pit  
  110  8:59  Drone x5  
  110  9:02  Hydralisk  
  114  9:03  Hydralisk  
  118  9:14  Lurker x4  
  122  9:29  Overseer  
  122  9:31  Muscular Augments  
  122  9:52  Hive  
  122  10:03  Hydralisk  
  122  10:04  Hydralisk x2  
  122  10:06  Overlord x4  
  122  10:07  Overlord x5  
  128  10:14  Overseer  
  128  10:26  Hatchery  
  127  11:04  Greater Spire  
  127  11:07  Zerg Ground Armor Level 2, Zerg Missile Weapons Level 2  
  127  11:16  Hatchery  
  103  11:35  Hydralisk  
  103  11:36  Hydralisk x16  
  103  11:37  Hydralisk x9  
  150  11:52  Zergling x2  
  150  11:53  Zergling x20  
  102  12:26  Hydralisk x4  
  102  12:27  Hydralisk x10  
  102  12:47  Zergling x28  
  102  12:48  Zergling x2  
  102  12:56  Hydralisk  
  96  13:04  Hydralisk  
  72  13:26  Hydralisk x7  
  90  13:38  Mutalisk  
  90  13:39  Mutalisk x3  
  83  13:59  Lurker x2  
  83  14:01  Lurker x2  
  87  14:04  Zergling x26  
  100  14:14  Zerg Missile Weapons Level 3  
  100  14:25  Overseer  
  100  14:42  Hydralisk  
  100  14:43  Hydralisk x4  
  110  14:49  Baneling Nest  
  109  15:27  Hydralisk x7  
  121  15:45  Hydralisk  
  121  15:46  Hydralisk x2  
  101  16:01  Hydralisk x2  
  91  16:23  Hydralisk x3  
  91  16:24  Hydralisk  
  71  16:40  Overseer  
  71  16:42  Zergling x2  
  71  16:43  Zergling x8  
  57  16:47  Zergling x4  
Tags
 
Add a new tag
Caveats
  • Supply blocks, unpowered buildings, or Contaminate may cause inaccurate times.
  • Supply counts are checked every 10 seconds.